 Dungeon Crawl Stone Soup version 0.20.0-15-g7f486f2 (webtiles) character file.

203 dvd the Ruffian (level 5, -2/49 HPs)
             Began as a Troll Gladiator on June 10, 2017.
             Slain by an orc wizard
             ... wielding a +0 dagger
              (3 damage)
             ... on level 4 of the Dungeon.
             The game lasted 00:05:23 (2097 turns).

dvd the Ruffian (Troll Gladiator)                   Turns: 2097, Time: 00:05:24

Health: -2/49      AC:  5    Str: 23    XL:     5   Next: 51%
Magic:  4/4        EV:  8    Int:  4    God:
Gold:   144        SH:  8    Dex: 11    Spells: 4/4 levels left

rFire    . . .     SeeInvis .     - Unarmed
rCold    . . .     Gourm    +   p - +0 shield
rNeg     . . .     Faith    .   a - +0 robe
rPois    .         Spirit   .   b - +0 hat
rElec    .         Reflect  .   (no cloak)
rCorr    .         Harm     .   (gloves unavailable)
MR       .....                  (boots unavailable)
Stlth    +.........             (no amulet)
Regen    0.6/turn               (no ring)
MPRegen  0.1/turn               (no ring)

@: no status effects
A: unfitting armour, claws 3, fast metabolism 3, gourmand, regeneration 1,
shaggy fur 1, tough skin 2
a: no special abilities


You were on level 4 of the Dungeon.
You were full.

You visited 1 branch of the dungeon, and saw 4 of its levels.

You collected 144 gold pieces.

Inventory:

Missiles
 c - 3 throwing nets (quivered)
Armour
 a - a +0 robe (worn)
 b - a +0 hat (worn)
 p - a +0 shield (worn)
Jewellery
 j - a cursed ring of teleportation {unknown}
Wands
 o - a wand of confusion (36/48)
Scrolls
 i - 4 scrolls of remove curse {unknown}
 k - a scroll of amnesia {unknown}
 l - 6 scrolls of identify {unknown}
 m - a scroll of teleportation {unknown}
 q - 2 scrolls of blinking {unknown}
 r - a scroll of recharging {unknown}
Potions
 e - a potion of magic {unknown}
 g - a potion of lignification {unknown}
 h - 2 potions of haste {unknown}
 n - a potion of curing {unknown}
 s - a potion of flight {unknown}
Comestibles
 d - 6 bread rations
 f - 3 fruits


   Skills:
 + Level 1.9 Fighting
 + Level 2.0 Throwing
 + Level 3.4 Dodging
 + Level 0.2 Stealth
 + Level 1.0 Shields
 + Level 4.9 Unarmed Combat


You had 4 spell levels left.
You didn't know any spells.

Dungeon Overview and Level Annotations

Branches:
Dungeon (4/15)
 Temple: D:4-7

Altars:
Ashenzari
Dithmenos
Elyvilon
Gozag
Makhleb
Nemelex Xobeh
Okawaru
Uskayaw
The Shining One


Innate Abilities, Weirdness & Mutations

You are too large for most types of armour.
You have claws for hands.
Your metabolism is lightning-fast.
You like to eat raw meat.
Your natural rate of healing is unusually fast.
You are covered in fur. (AC +1)
You have very tough skin. (AC +2)


Message History

The orc wizard hits you but does no damage.
You block the jackal's attack.
Your shield prevents you from hitting the orc priest.
The orc priest is almost dead.
The orc priest hits you.
* * * LOW HITPOINT WARNING * * *
You block the jackal's attack.
The jackal bites you but does no damage.
The orc wizard closely misses you. The orc wizard barely misses you.
You block the orc wizard's attack.
You barely miss the orc priest.
The orc priest is almost dead.
The jackal closely misses you.
The jackal bites you but does no damage.
The orc priest invokes the aid of Beogh against you.
Beogh smites you!
* * * LOW HITPOINT WARNING * * *
The orc wizard hits you but does no damage. x2
The orc wizard hits you with a dagger.
You die...

.## ### ## # .. #.. .#
##.#.##.##.# #+#+#
...........# #.#.##.#
#..#......# #.#.##.#
..<......# #.#.##.# #
#.oo...# #.#.##.# #
+.h@h..####'#....# #
##.oo...##........# #
.#.......##.......[###
#>.........'..........#
#.#.....#.##........#..
..
#..#....##........#.. #
####.#####........#..
#.. #........#.. #.#
#####..#.#..


You could see an orc priest, 3 orc wizards and 2 jackals.

Vanquished Creatures
  An orc priest (D:4)
  8 adders
  3 worms (D:2)
  4 dart slugs
  4 leopard geckos
  4 ball pythons
  4 giant cockroaches
  7 goblins
  6 hobgoblins
  A jackal (D:4)
  A quokka (D:3)
  12 bats
  5 frilled lizards
  A jackal skeleton (D:4)
  13 kobolds
  7 rats
81 creatures vanquished.

Notes
Turn   | Place    | Note
-------+----------+-------------------------------------------
     0 | D:1      | dvd the Troll Gladiator began the quest for the Orb.
     0 | D:1      | Reached XP level 1. HP: 19/19 MP: 0/0
    63 | D:1      | Reached XP level 2. HP: 27/27 MP: 1/1
   225 | D:1      | Reached XP level 3. HP: 30/33 MP: 2/2
   670 | D:2      | Found an iron altar of Okawaru.
   926 | D:2      | Reached XP level 4. HP: 42/42 MP: 3/3
   940 | D:2      | Reached skill level 4 in Unarmed Combat
  1264 | D:3      | Reached XP level 5. HP: 49/49 MP: 4/4
  1528 | D:3      | Found a burning altar of Makhleb.
  1551 | D:3      | Found a white marble altar of Elyvilon.
  1552 | D:3      | Found an iron altar of Okawaru.
  1552 | D:3      | Found a shadowy altar of Dithmenos.
  1552 | D:3      | Found a sparkling altar of Nemelex Xobeh.
  1552 | D:3      | Found a glowing golden altar of the Shining One.
  1553 | D:3      | Found a shattered altar of Ashenzari.
  1554 | D:3      | Found an opulent altar of Gozag.
  1555 | D:3      | Found a hide-covered altar of Uskayaw.
  1704 | D:3      | Found a faded altar of an unknown god.
  2089 | D:4      | Reached skill level 1 in Shields
  2097 | D:4      | HP: 1/49 [orc priest/divine providence (9)]
  2097 | D:4      | Slain by an orc wizard

Skill      XL: |  1  2  3  4  5 |
---------------+----------------+-----
Dodging        | 3 |  3.4
Throwing       | 2 |  2.0
Unarmed Combat | 4 |  4.9
Shields        | 1 |  1.0
Fighting       | |  1.9
Stealth        | |  0.2

Action                   |  1- 3 |  4- 6 || total
-------------------------+-------+-------++-------
Melee: Unarmed           |   106 |   105 ||   211
       Punch             |     1 |       ||     1
 Stab: Sleeping          |       |     1 ||     1
  Eat: Chunk             |    14 |     8 ||    22
Armor: Robe              |    52 |    56 ||   108
Dodge: Dodged            |    76 |    64 ||   140
Block: Shield            |       |    47 ||    47
